 Dungeon Crawl Stone Soup version 0.28-a0-1235-g7c8fac35f0 (webtiles) character file.

Game seed: 13662838837994040138

19 Zonian the Sneak (level 2, 0/22 HPs)
             Began as a Human Brigand on Dec 24, 2021.
             Was a Follower of Kikubaaqudgha.
             Succumbed to a goblin's poison
             ... on level 1 of the Dungeon on Dec 25, 2021.
             The game lasted 00:01:55 (932 turns).

Zonian the Sneak (Human Brigand)                     Turns: 932, Time: 00:01:56

Health: 0/22       AC:  4    Str: 11    XL:     2   Next: 95%
Magic:  2/2        EV: 11    Int: 11    God:    Kikubaaqudgha [*.....]
Gold:   31         SH:  0    Dex: 14    Spells: 0/1 levels left

rFire   . . .      SeeInvis .   a - +2 dagger
rCold   . . .      Faith    .   (no shield)
rNeg    . . .      Spirit   .   h - +0 leather armour
rPois   .          Reflect  .   (no helmet)
rElec   .          Harm     .   c - +0 cloak
rCorr   .          Rampage  .   (no gloves)
Will    .....                   (no boots)
Stlth   ++........              (no amulet)
HPRegen 0.07/turn               (no ring)
MPRegen 0.08/turn               (no ring)

@: mighty, lethally poisoned (0 -> -2), on berserk cooldown, flying, slowed,
very slow
A: no striking features
a: Renounce Religion, Receive Corpses


You were on level 1 of the Dungeon.
You worshipped Kikubaaqudgha.
Kikubaaqudgha was aware of your devotion.
You visited 1 branch of the dungeon, and saw 1 of its levels.

You collected 31 gold pieces.

Inventory:

Hand Weapons
 a - a +2 dagger (weapon)
Missiles
 d - 8 poisoned darts (quivered)
 e - 2 curare-tipped darts
Armour
 b - a +0 robe
 c - a +0 cloak (worn)
 h - a +0 leather armour (worn)
Scrolls
 k - a scroll of identify {unknown}
 l - a scroll of teleportation {unknown}
Potions
 j - a potion of lignification {unknown}


   Skills:
 + Level 2.2 Fighting
 + Level 2.2 Short Blades
 + Level 2.2 Throwing
 + Level 1.4 Dodging
 + Level 4.1 Stealth
 + Level 0.0 Necromancy


You couldn't memorise any spells.
You knew the following spells:

 Your Spells              Type           Power      Damage    Failure   Level
a - Pain                  Necr           0%         1d4       43%         1

Your spell library contained the following spells:

 Spells                   Type           Power      Damage    Failure   Level
 Animate Skeleton         Necr           0%         N/A       43%         1
 Sublimation of Blood     Necr           0%         N/A       56%         2
 Vampiric Draining        Necr           0%         2d6       80%         3


Dungeon Overview and Level Annotations

Branches:
Dungeon (1/15)

Altars:
Kikubaaqudgha


Message History

Kikubaaqudgha accepts your kill.
You feel very sick.
Unknown command.
You feel very sick.
Things that are here:
a +2 dagger of venom; a goblin corpse You feel very sick.
Unknown command.
What are your orders? t - Shout!
Orders for allies: a - Attack new target. r - Retreat! s - Stop attacking. g - Guard the area. f - Follow me.
Anything else - Cancel.
Okay, then.
It was a potion of might.
You feel very mighty all of a sudden.
* * * LOW HITPOINT WARNING * * *
You feel sick.
It was a potion of berserk rage.
A red film seems to cover your vision as you go berserk!
You feel yourself moving faster!
You feel mighty!
You feel sick.
You are too berserk!
You feel a strong urge to attack something.
You feel sick.
You feel sick.
Unknown command.
You feel your anger nearly subside.
You are no longer berserk.
You are exhausted.
You feel yourself slow down.
* * * LOW HITPOINT WARNING * * *
You feel sick.
* * * LOW HITPOINT WARNING * * *
You feel sick.
Unknown command.
It was a potion of flight.
You feel very buoyant.
You fly up into the air.
You die...
Kikubaaqudgha rasps: "You have failed me!
Welcome... death!"

#.......>.# #.######.
#.........#####.###....
##.##......).........#..
#
##...##...#.#####.###....
#.#.....##..#.# #.# ##.##
#........##...# #.# #.#
#.........#.)## #.# #.#
#.....).....# #.# #.##
##.......@..# #.# #...
##...#...#.# #.# ####
######.##(######.#
#...........#
####......### ######.#
#.# #.#########
#..........


There were no monsters in sight!

Vanquished Creatures
  A dart slug (D:1)
  A bat (D:1)
  An endoplasm (D:1)
  7 goblins (D:1)
  A hobgoblin (D:1)
  A ball python (D:1)
  A frilled lizard (D:1)
  A kobold (D:1)
  2 rats (D:1)
16 creatures vanquished.

Notes
Turn   | Place    | Note
-------+----------+-------------------------------------------
     0 | D:1      | Zonian the Human Brigand began the quest for the Orb.
     0 | D:1      | Reached XP level 1. HP: 16/16 MP: 1/1
   199 | D:1      | Reached XP level 2. HP: 22/22 MP: 2/2
   688 | D:1      | Found a faded altar of an unknown god.
   794 | D:1      | Prayed at the altar of an unknown god.
   794 | D:1      | Became a worshipper of Kikubaaqudgha
   794 | D:1      | Reached * piety under Kikubaaqudgha
   794 | D:1      | Received a gift from Kikubaaqudgha
   797 | D:1      | Learned a level 1 spell: Pain
   932 | D:1      | Succumbed to a goblin's poison

Illustrated notes

Levels and vault maps discovered:
D:1:      dpeg_arrival_oval, layout_loops_ring, shapermc_ecumenical_altar_petra,
          minmay_split_cup_small

Action                   || total
-------------------------++-------
Melee: Dagger            ||    47
  Use: Potion            ||     3
 Stab: Sleeping          ||     4
Armor: Leather armour    ||     5
Dodge: Dodged            ||    14

Table legend: (Time is in decaauts)
 A = Elapsed time spent in this place.
 B = Non-inter-level travel time spent in this place.
 C = Inter-level travel time spent in this place.
 D = Time resting spent in this place.
 E = Time spent auto-exploring this place.
 F = Levels seen in this place.
 G = Mean time per level.
                   A        B        C        D        E       F      G
               +--------+--------+--------+--------+--------+-----+--------+
         Total |    926 |    926 |      0 |     63 |    634 |   1 |  926.0 |
       Dungeon |    926 |    926 |      0 |     63 |    634 |   1 |  926.0 |
               +--------+--------+--------+--------+--------+-----+--------+

Top non-repeatable levels by time:
     D:1: 926 daAuts
